 Dungeon Crawl Stone Soup version 0.16.2-3-ga078185 (webtiles) character file.

392 Genodice the Changer (level 6, -12/43 HPs)
             Began as a Merfolk Transmuter on Sept 10, 2015.
             Was a Follower of Okawaru.
             Killed by divine providence
             ... invoked by an orc priest
              (14 damage)
             ... on level 4 of the Dungeon.
             The game lasted 00:23:41 (3625 turns).

Genodice the Changer (Merfolk Transmuter)           Turns: 3625, Time: 00:23:41

Health: -12/43     AC:  2    Str: 10    XL:     6   Next: 80%
Magic:  9/10       EV: 21    Int: 14    God:    Okawaru [*.....]
Gold:   165        SH:  0    Dex: 20    Spells: 2 memorised, 5 levels left

rFire  . . .     SeeInvis .       - Unarmed
rCold  . . .     Clarity  +     j - melded +0 robe
rNeg   . . .     SustAb   .     (shield currently unavailable)
rPois  x         Gourm    .     (helmet currently unavailable)
rElec  .         Spirit   .     (cloak currently unavailable)
rCorr  .         Warding  .     e - melded +0 pair of gloves
rMut   .         Stasis   .     (boots currently unavailable)
MR     .....                    B - amulet of clarity
Stlth  ++........               (no ring)
                                (no ring)

@: spider-form (expiring), hasted, very quick, not resistant to hostile
enchantments, unstealthy
A: (change form in water), (swift swim)
a: End Transformation, Heroism, Renounce Religion


You were on level 4 of the Dungeon.
You worshipped Okawaru.
Okawaru was aware of your devotion.
You were not hungry.
You were a venomous arachnid creature.
You visited 1 branch of the dungeon, and saw 4 of its levels.

You collected 165 gold pieces.

Inventory:

Missiles
 b - 12 arrows
 p - 7 poisoned arrows
Armour
 e - a +0 pair of gloves (melded)
 j - a +0 robe (melded)
 o - a +0 helmet
Jewellery
 k - an uncursed amulet of guardian spirit
 s - an uncursed amulet of warding {unknown}
 t - an uncursed ring of fire
 B - an amulet of clarity (around neck)
Magical devices
 y - a wand of slowing (18)
 z - a wand of confusion (0)
 C - a wand of slowing (20)
Scrolls
 i - a scroll of immolation {unknown}
 l - a scroll of identify
 m - 2 scrolls of fear {unknown}
 n - a scroll of magic mapping {unknown}
 r - a scroll of recharging {unknown}
 v - 2 scrolls of enchant armour {unknown}
 x - a scroll of teleportation {unknown}
Potions
 g - 2 potions of curing
 h - a potion of restore abilities {unknown}
 q - a potion of haste
 u - a potion of poison {unknown}
 w - a potion of heal wounds {unknown}
 A - a potion of resistance {unknown}
Books
 d - a book of Changes

   Spells                             Type                      Level
   a - Beastly Appendage              Transmutation                1
   b - Sticks to Snakes               Transmutation                2
   c - Spider Form                    Transmutation/Poison         3
   d - Ice Form                       Ice/Transmutation            4
   e - Blade Hands                    Transmutation                5
Comestibles
 a - a bread ration
 c - a chunk of flesh
 f - 3 meat rations


   Skills:
 - Level 1.1 Fighting
 - Level 2.6 Dodging
 + Level 6.0 Unarmed Combat
 - Level 2.0 Spellcasting
 - Level 7.0 Transmutations


You had 5 spell levels left.
You knew the following spells:

 Your Spells              Type           Power        Failure   Level  Hunger
a - Beastly Appendage     Trmt           ###...       6%          1    ##.....
b - Spider Form           Trmt/Pois      ##........   36%         3    ####...


Dungeon Overview and Level Annotations

Branches:
Dungeon (4/15)
 Temple: D:4-7

Altars:
Okawaru
Zin


Message History

The orc wizard shouts!
The orc shouts!
The orc priest shouts!
The orc priest invokes the aid of Beogh against you.
Something smites you!
The orc priest prays to Beogh.
You feel a wave of unholy energy pass over you.
An orc is nearby!
You start resting.
Your transformation is almost over.
You start resting.
The orc priest calls down the wrath of Beogh upon you.
Something smites you!
You barely miss the orc priest.
The orc priest invokes the aid of Beogh against you.
Something smites you!
* * * LOW HITPOINT WARNING * * *
Drink which item? (? for menu, Esc to quit)
It was a potion of haste.
You feel yourself speed up.
The orc priest invokes the aid of Beogh against you.
Something smites you!
You die...

#......................
#......................
#..................####
###########[.......# #
#....##........# #
#....###.......#
#####..............#
#......o............
#.....so.........#..
#.....##o........# .
#.....##.........#
########.........#
#....#.........
#....#.........
#..............
###...o.......
#..........#


You could see an orc priest, an orc wizard and an orc.

Vanquished Creatures
  An ogre (D:3)
  A hound (D:4)
  A centaur skeleton (D:4)
  Natasha (thrice) (D:3)
  2 worker ants (D:4)
  Jessica (D:3)
  A hound skeleton (D:4)
  Terence (D:2)
  An adder (D:3)
  2 giant mites
  2 worms (D:3)
  2 giant geckos
  2 oozes (D:1)
  An orc (D:3)
  9 bats
  6 giant cockroaches
  9 goblins
  9 hobgoblins
  6 jackals
  9 kobolds
  3 ball pythons
  4 giant newts
  2 quokkas
  15 rats
93 creatures vanquished.

Notes
Turn   | Place    | Note
--------------------------------------------------------------
     0 | D:1      | Genodice, the Merfolk Transmuter, began the quest for the Orb.
     0 | D:1      | Reached XP level 1. HP: 15/15 MP: 3/3
   226 | D:1      | Reached XP level 2. HP: 18/21 MP: 4/4
   278 | D:1      | Reached skill level 4 in Unarmed Combat
   554 | D:1      | Reached XP level 3. HP: 24/26 MP: 6/6
   563 | D:1      | Learned a level 3 spell: Spider Form
  1550 | D:2      | Noticed Terence
  1575 | D:2      | Killed Terence
  1575 | D:2      | Reached XP level 4. HP: 17/32 MP: 7/7
  1824 | D:2      | Found a glowing silver altar of Zin.
  1979 | D:2      | Found an iron altar of Okawaru.
  1987 | D:2      | Became a worshipper of Warmaster Okawaru
  2293 | D:3      | Noticed an ogre
  2368 | D:3      | Killed an ogre
  2368 | D:3      | Reached skill level 6 in Transmutations
  2368 | D:3      | Reached XP level 5. HP: 21/37 MP: 6/9
  2769 | D:3      | Noticed Natasha
  2787 | D:3      | Killed Natasha
  2787 | D:3      | Reached skill level 7 in Transmutations
  2822 | D:3      | Noticed Jessica
  2829 | D:3      | Killed Jessica
  2829 | D:3      | Reached XP level 6. HP: 38/43 MP: 6/10
  2955 | D:3      | Noticed Natasha
  2958 | D:3      | Killed Natasha
  2993 | D:3      | Reached skill level 5 in Unarmed Combat
  3161 | D:3      | Noticed Natasha
  3164 | D:3      | Killed Natasha
  3546 | D:4      | Acquired Okawaru's first power
  3624 | D:4      | HP: 2/43 [orc priest/divine providence (12)]
  3625 | D:4      | Killed from afar by an orc priest

Action                   |  1- 3 |  4- 6 || total
-------------------------+-------+-------++-------
Melee: Unarmed           |   106 |   162 ||   268
 Cast: Beastly Appendage |     8 |     4 ||    12
       Spider Form       |       |    13 ||    13
  Use: Scroll            |       |     3 ||     3
       Potion            |       |     2 ||     2
  Eat: Chunk             |     1 |     6 ||     7
       Pizza             |     1 |       ||     1
       Beef jerky        |       |     1 ||     1
       Bread ration      |       |     1 ||     1
